 Dungeon Crawl Stone Soup version 0.31-a0-1338-gb567cfdca4 (webtiles) character file.

Game seed: 14348522946636338639

20 grandjackal the Sneak (level 3, 0/30 HPs)
             Began as a Djinni Delver on Dec 22, 2023.
             Was an Initiate of Ru.
             Slain by a goblin
             ... wielding a +0 club
             ... led by Robin
              (4 damage)
             ... on level 2 of the Dungeon.
             The game lasted 00:01:07 (276 turns).

grandjackal the Sneak (Djinni Delver)                Turns: 276, Time: 00:01:07

Health: 0/30       AC:  3    Str: 11    XL:     3   Next: 0%
Gold:   15         EV: 12    Int: 13    God:    Ru [......] SH:  0 Dex: 14

rFire   + + .        a - +0 spear
rCold   x . .        (no shield)
rNeg    . . .        b - +0 leather armour
rPois   ∞            (no helmet)
rElec   .            (no cloak)
rCorr   .            (no gloves)
SInv    .            (boots unavailable)
Will    .....        (no amulet)
Stlth   ++           (no ring)
HPRegen 0.25/turn    (no ring)
MPRegen 0.00/turn

%: infuse magic (-1 HP)
@: flying
A: sickness immunity, fire resistance 2, cold vulnerability 1, float, innate
caster, HP casting, extra vitality 1
a: Renounce Religion


You were on level 2 of the Dungeon.
You worshipped Ru.
Ru was noncommittal.
You visited 1 branch of the dungeon, and saw 4 of its levels.

You collected 15 gold pieces.

Inventory:

Hand Weapons
 a - a +0 spear (weapon)
Armour
 b - a +0 leather armour (worn)
Wands
 g - a wand of digging (3)
Scrolls
 c - a scroll of fog
 d - a scroll of revelation
 e - a scroll of fear
 h - 2 scrolls of identify {unknown}
Potions
 f - a potion of haste


   Skills:
 + Level 3.2 Fighting
 + Level 1.9 Polearms
 + Level 2.5 Dodging
 + Level 4.2 Stealth


You knew the following spells:

 Your Spells              Type           Power      Damage    Failure   Level
a - Apportation           Tloc           0%         N/A       38%         1
Your spell library was empty.

Dungeon Overview and Level Annotations

Branches:
Dungeon (5/15)
 Temple: D:4-7

Altars:
Ru

Annotations:
D:2 Robin


Innate Abilities, Weirdness & Mutations

You are immune to sickness and miasma.
You are immune to poison.
Your flesh is very heat resistant. (rF++)
You are vulnerable to cold. (rC-)
You float through the air rather than walking.
You learn spells naturally, not from books.
Your magical power is your life essence.
You have superior vitality. (+4 MHP)


Message History

You hit the goblin.
The goblin is moderately wounded.
The hobgoblin hits you but does no damage.
A hobgoblin comes into view.
The goblin hits you with a +0 dagger.
* * * LOW HITPOINT WARNING * * *
A hobgoblin comes into view.
The goblin barely misses you.
The hobgoblin shouts!
You hit the goblin.
You kill the goblin!
The hobgoblin closely misses you. The goblin barely misses you.
A goblin comes into view. It is wielding a +0 club.
Robin throws the goblin at you!
You have reached level 3!
Your experience leads to an increase in your attributes!
Increase (S)trength, (I)ntelligence, or (D)exterity?
You feel clever. x2
The power to cast Apportation wells up from within.
Spell assigned to 'a'.
You barely miss the goblin. The hobgoblin closely misses you.
A hobgoblin comes into view.
The goblin closely misses you.
A goblin comes into view. It is wielding a +0 dagger.
The goblin barely misses you.
You closely miss the goblin.
The hobgoblin shouts!
The goblin shouts!
You hear a shout!
The hobgoblin closely misses you. The goblin barely misses you. x2
You barely miss the goblin. Your punch misses the goblin.
The hobgoblin misses you. The goblin barely misses you. The goblin misses you.
A hobgoblin comes into view.
You miss the goblin. The goblin hits you with a +0 dagger.
* * * LOW HITPOINT WARNING * * *
The goblin misses you. The goblin hits you with a +0 club.
* * * LOW HITPOINT WARNING * * *
You hit the goblin.
You kill the goblin!
The hobgoblin closely misses you. The goblin hits you but does no damage.
The goblin hits you with a +0 club.
You die...

............#
.#....>..#.#
.....).)....#
###.......#.#
#..........#
##.#.#.#.#.#
#########.#
#.gg).....#
#gg@#######
###)g.#
#.g.g.#
g....gg#...#
....g......#
.####......#
##.....#
#.....#
#.....#


You could see Robin, 5 hobgoblins and 4 goblins.

Vanquished Creatures
  An adder (D:2)
  An endoplasm (D:2)
  A giant cockroach (D:3)
  4 goblins (D:2)
  A ball python (D:3)
  2 bats
  A frilled lizard (D:3)
  A kobold (D:2)
  A rat (D:3)
13 creatures vanquished.

Notes
Turn   | Place    | Note
-------+----------+-------------------------------------------
     0 | D:5      | grandjackal the Djinni Delver began the quest for the Orb.
     0 | D:5      | Reached XP level 1. HP: 20/20 MP: 0/0
    73 | D:3      | Found a sacrificial altar of Ru.
    88 | D:3      | Noticed a jelly
   100 | D:3      | Became a worshipper of Ru the Awakened
   205 | D:2      | Reached XP level 2. HP: 22/25 MP: 0/0
   261 | D:2      | Noticed Robin
   272 | D:2      | Reached XP level 3. HP: 8/30 MP: 0/0
   272 | D:2      | Learned a level 1 spell: Apportation
   276 | D:2      | Slain by a goblin

Illustrated notes

Levels and vault maps discovered:
D:2:      layout_rooms, dilly_ecumenical_altar_fadedgnrine, serial_curves,
          eino_curves_02, eino_curves_01, st_stairs_4, uniq_robin
D:3:      layout_loops_cross, mainiacjoe_overflow_swirl, uniq_sigmund
D:4:      layout_cave_pools, led_xom_imps, kiku_gazebo_garden_becter,
          nicolae_twisty_statue_hallways, uniq_menkaure
D:5:      layout_cave_pods, nicolae_overflow_crystal_walls,
          gammafunk_ghost_necromancy

Action                     || total
---------------------------++-------
  Melee: Spear             ||    56
   Stab: Sleeping          ||     3
 Armour: Leather armour    ||    37
  Dodge: Dodged            ||    46

Table legend: (Time is in decaauts)
 A = Elapsed time spent in this place.
 B = Non-inter-level travel time spent in this place.
 C = Inter-level travel time spent in this place.
 D = Time resting spent in this place.
 E = Time spent auto-exploring this place.
 F = Levels seen in this place.
 G = Mean time per level.
                   A        B        C        D        E       F      G
               +--------+--------+--------+--------+--------+-----+--------+
         Total |    276 |    276 |      0 |      0 |     73 |   4 |   69.0 |
       Dungeon |    276 |    276 |      0 |      0 |     73 |   4 |   69.0 |
               +--------+--------+--------+--------+--------+-----+--------+

Top non-repeatable levels by time:
     D:3: 161 daAuts
     D:2: 75 daAuts
     D:5: 34 daAuts
     D:4: 5 daAuts
